 Dungeon Crawl Stone Soup version 0.27.1-2-g3b301248ec (webtiles) character file.

Game seed: 10551723252715259850

8757 Kinoniko the Impaler (level 11, -10/126 HPs)
             Began as a Merfolk Berserker on Oct 1, 2021.
             Was a High Priest of Trog.
             Mangled by an orc knight (24 damage)
             ... in a bailey.
             The game lasted 00:08:27 (8860 turns).

Kinoniko the Impaler (Merfolk Berserker)            Turns: 8860, Time: 00:08:28

Health: -10/126    AC:  6    Str: 18    XL:     11   Next: 35%
Magic:  11/11      EV: 22    Int:  9    God:    Trog [*****.]
Gold:   610        SH:  0    Dex: 19    Spells: 10/10 levels left

rFire    + + .     SeeInvis .   r - +2 halberd (drain)
rCold    . . .     Faith    .   (shield currently unavailable)
rNeg     . . .     Spirit   .   C - +0 ring mail {rF+}
rPois    .         Reflect  .   v - +0 helmet
rElec    .         Harm     .   (no cloak)
rCorr    .         Rampage  .   (no gloves)
Will     .....                  (no boots)
Stlth    ..........             q - amulet of regeneration
HPRegen  1.31/turn              c - ring "Onlu Yte" {Fly rF+ Int+3 Dex+2 Slay+3}
MPRegen  0.12/turn              p - +4 ring of evasion

@: berserking, flying, very quick
A: (nimble swimmer 2), mertail
a: Renounce Religion, Berserk, Trog's Hand, Brothers in Arms


You were in a bailey.
You worshipped Trog.
Trog was extremely pleased with you.
You visited 1 branch of the dungeon, and saw 9 of its levels.
You also visited: Bailey.

You collected 610 gold pieces.

Inventory:

Hand Weapons
 a - a +0 spear
 r - a +2 halberd of draining (weapon)
 w - a +0 glaive
 x - a +3 trident
 G - the +1 trident of the Silent Majority {vorpal, rC- Dex+2 Stlth+}
   (You found it in a bailey)

   It inflicts extra damage upon your enemies.
   Dex:       It affects your dexterity (+2).
   rC:        It makes you vulnerable to cold.
   Stlth:     It makes you more stealthy.
Armour
 b - a +0 animal skin
 g - a +0 ring mail
 v - a +0 helmet (worn)
 C - a +0 ring mail of fire resistance (worn)
Jewellery
 c - the ring "Onlu Yte" (left hand) {Fly rF+ Int+3 Dex+2 Slay+3}
   (You acquired it on level 4 of the Dungeon)

   [ring of protection from fire]

   Int:       It affects your intelligence (+3).
   Dex:       It affects your dexterity (+2).
   Slay:      It affects your accuracy & damage with ranged weapons and melee
   (+3).
   rF:        It protects you from fire.
   Fly:       It grants you flight.
 f - a ring of protection from cold
 p - a +4 ring of evasion (right hand)
 q - an amulet of regeneration (around neck)
Wands
 i - a wand of polymorph (10)
 s - a wand of iceblast (9)
 t - a wand of flame (33)
 y - a wand of paralysis (4)
Scrolls
 e - 3 scrolls of teleportation
 D - 2 scrolls of enchant weapon
 E - a scroll of fear {unknown}
 F - a scroll of acquirement
Potions
 d - a potion of brilliance {unknown}
 h - a potion of might {unknown}
 j - 3 potions of flight
 k - a potion of ambrosia {unknown}
 l - a potion of haste
 m - 4 potions of lignification
 n - 5 potions of heal wounds
 o - 3 potions of curing {unknown}
 u - 2 potions of magic {unknown}
 z - 3 potions of cancellation {unknown}
 A - 2 potions of invisibility {unknown}
 B - a potion of berserk rage {unknown}


   Skills:
 + Level 7.0 Fighting
 * Level 17.9 Polearms
 - Level 1.3 Armour
 + Level 12.3 Dodging


You had 10 spell levels left.
You didn't know any spells.
Your spell library was empty.

Dungeon Overview and Level Annotations

Branches:
Dungeon (9/15)             Temple (0/1) D:6          Bailey (1/1)
   Lair: D:8-11         Orc: D:9-12

Altars:
Cheibriados
Dithmenos
Ru
Sif Muna
Wu Jian
Xom
Zin


Innate Abilities, Weirdness & Mutations

((You are quick and stealthy near water. (Stealth+, EV+, Speed+++)))
Your lower body shifts to a powerful aquatic tail in water.


Message History

No target in view!
No target in view!
No target in view!
No target in view!
No target in view!
No target in view!
No target in view!
No target in view!
No target in view!
Things that are here:
a +0 hand axe; a +0 ring mail; an orc corpse
Found 14 gold pieces.
There is an open door here.
You now have 610 gold pieces (gained 14).
There is an open door here.
You start resting.
HP restored.
Things that are here:
a +0 war axe; a +3 scale mail
There is an open door here.
You reach down and open the door. 2 orc knights come into view.
The orc knight shouts!
The orc knight roars a battlecry!
The orc knight goes into a battle-frenzy!
There is an open door here.
The orc knight hits you with a +0 war axe.
The orc knight hits you with a +0 war axe!!
The orc knight misses you.
You puncture the orc knight!
The orc knight is moderately wounded.
The orc knight hits you with a +0 war axe!!
The orc knight hits you with a +0 war axe!
* * * LOW HITPOINT WARNING * * *
A red film seems to cover your vision as you go berserk!
You feel yourself moving faster!
You feel mighty!
The orc knight hits you with a +0 war axe!!
* * * LOW HITPOINT WARNING * * *
The orc knight hits you with a +0 war axe!!
You die...

###......≈≈≈≈≈.#.....##....#..#.#
#......≈≈≈≈≈.#''#####....#..#.#
######.≈≈≈≈≈.#......#....#..#^#
#≈≈≈≈≈≈.#......#....#..#.#
#≈≈≈≈≈######.......#####'#
#....#.8.8.8.))....#
#....#......)#)....#
#oo#######'#######
#@.'.............'
####≈≈≈≈≈≈≈≈≈≈≈≈≈#
≈≈≈≈≈≈≈≈≈≈≈≈≈≈≈≈≈≈
≈≈≈≈≈≈≈≈≈≈≈≈≈≈≈≈≈≈≈
≈≈≈≈≈≈≈≈≈≈≈≈≈≈≈≈≈≈≈≈
≈≈≈≈≈≈≈≈≈≈≈≈≈≈≈≈≈≈≈≈
≈≈≈≈≈≈≈≈≈≈≈≈≈≈≈≈≈≈≈≈
≈≈≈≈≈≈≈≈≈≈≈≈≈≈≈≈≈≈≈≈


You could see 2 orc knights.

Vanquished Creatures
  Gastronok (D:8)
  2 orc knights (Bailey)
  An orc sorcerer (Bailey)
  A kobold demonologist (Bailey)
  Prince Ribbit (D:7)
  A wyvern (D:5)
  Eustachio (D:6)
  3 steam dragons
  A water moccasin (D:7)
  3 black bears
  A sky beast (D:7)
  An ice beast (D:6)
  11 orc warriors
  A necrophage (D:6)
  2 ogres
  2 centaurs
  A kobold brigand (D:9)
  A phantom (D:5)
  Blork the orc (D:6)
  3 gnoll sergeants
  5 bullfrogs
  2 scorpions (D:6)
  7 killer bees
  8 wights (D:6)
  2 electric eels (Bailey)
  3 howler monkeys
  A centaur zombie (D:8)
  4 hounds
  2 jellies
  6 orc priests
  Ijyb (D:3)
  A bullfrog skeleton (D:7)
  3 orc wizards
  4 iguanas
  A hound skeleton (D:5)
  Robin (D:3)
  17 gnolls
  4 adders
  A white imp (D:7)
  An ufetubus (D:6)
  3 worms
  3 dart slugs
  25 orcs
  2 bats (D:1)
  10 endoplasms
  2 giant cockroaches
  13 hobgoblins
  4 jackals
  10 kobolds
  6 quokkas
  3 ball pythons
  A frilled lizard (D:1)
  32 goblins
  5 rats
232 creatures vanquished.

Vanquished Creatures (others)
  An adder (D:4)
  An adder skeleton (D:4)
  A dart slug (D:4)
  A worm (D:4)
  An orc (Bailey)
  2 ball pythons (D:4)
  A hobgoblin (Bailey)
  A jackal (D:4)
  A kobold (D:4)
10 creatures vanquished.

Grand Total: 242 creatures vanquished

Notes
Turn   | Place    | Note
-------+----------+-------------------------------------------
     0 | D:1      | Kinoniko the Merfolk Berserker began the quest for the Orb.
     0 | D:1      | Reached XP level 1. HP: 18/18 MP: 1/1
   468 | D:1      | Reached XP level 2. HP: 24/24 MP: 2/2
   541 | D:1      | Reached skill level 5 in Polearms
  1024 | D:1      | Reached XP level 3. HP: 29/29 MP: 3/3
  2024 | D:2      | Reached skill level 6 in Polearms
  2227 | D:2      | Found a faded altar of an unknown god.
  2352 | D:3      | Reached XP level 4. HP: 35/35 MP: 4/4
  2400 | D:3      | Reached ** piety under Trog
  2478 | D:3      | Noticed Ijyb
  2495 | D:3      | Killed Ijyb
  2496 | D:3      | Reached skill level 7 in Polearms
  2496 | D:3      | Reached XP level 5. HP: 41/41 MP: 5/5
  2711 | D:3      | Noticed Robin
  2736 | D:3      | Killed Robin
  3358 | D:3      | Reached skill level 8 in Polearms
  3566 | D:4      | Identified a scroll of acquirement
  3566 | D:4      | Acquired the ring "Onlu Yte" {Fly rF+ Int+3 Dex+2 Slay+3}
  3599 | D:4      | Reached skill level 5 in Dodging
  3602 | D:4      | Reached *** piety under Trog
  3612 | D:4      | Found a shimmering altar of Xom.
  3612 | D:4      | Noticed an orc warrior
  3620 | D:4      | Killed an orc warrior
  3621 | D:4      | Reached XP level 6. HP: 37/47 MP: 6/6
  3640 | D:4      | Reached skill level 9 in Polearms
  4033 | D:5      | Entered Level 5 of the Dungeon
  4064 | D:5      | Found a shadowy altar of Dithmenos.
  4064 | D:5      | Found a glowing silver altar of Zin.
  4065 | D:5      | Noticed a wyvern
  4076 | D:5      | Killed a wyvern
  4077 | D:5      | Reached XP level 7. HP: 52/52 MP: 7/7
  4084 | D:5      | Reached skill level 10 in Polearms
  4490 | D:5      | Reached skill level 11 in Polearms
  4490 | D:5      | Reached XP level 8. HP: 58/58 MP: 8/8
  4492 | D:5      | Found an ornate altar of the Wu Jian Council.
  5144 | D:5      | Found a snail-covered altar of Cheibriados.
  5376 | D:6      | Reached skill level 12 in Polearms
  5543 | D:6      | Found a sacrificial altar of Ru.
  5543 | D:6      | Noticed Eustachio
  5580 | D:6      | Killed Eustachio
  5581 | D:6      | Reached skill level 13 in Polearms
  5632 | D:6      | Found a shimmering blue altar of Sif Muna.
  5689 | D:6      | Reached XP level 9. HP: 64/64 MP: 9/9
  5724 | D:6      | Noticed Blork the orc
  5726 | D:6      | Killed Blork the orc
  6013 | D:6      | Found a staircase to the Ecumenical Temple.
  6080 | D:6      | Reached skill level 14 in Polearms
  6099 | D:6      | Reached **** piety under Trog
  6418 | D:7      | Noticed Prince Ribbit
  6445 | D:7      | Killed Prince Ribbit
  6446 | D:7      | Reached skill level 10 in Dodging
  6491 | D:7      | Reached skill level 15 in Polearms
  6639 | D:7      | Reached XP level 10. HP: 62/71 MP: 10/10
  7111 | D:8      | Noticed Gastronok
  7127 | D:8      | Killed Gastronok
  7128 | D:8      | Reached skill level 5 in Fighting
  7128 | D:8      | Reached skill level 16 in Polearms
  7943 | D:9      | Reached skill level 17 in Polearms
  8061 | D:9      | Found a flagged portal.
  8124 | Bailey   | Entered a bailey
  8157 | Bailey   | Reached ***** piety under Trog
  8170 | Bailey   | Found an iron altar of Okawaru.
  8170 | Bailey   | Noticed an orc sorcerer
  8170 | Bailey   | Noticed a kobold demonologist
  8179 | Bailey   | Killed an orc sorcerer
  8180 | Bailey   | Reached XP level 11. HP: 81/81 MP: 11/11
  8219 | Bailey   | Noticed an orc knight
  8234 | Bailey   | Killed an orc knight
  8660 | Bailey   | Noticed an orc knight
  8668 | Bailey   | Killed an orc knight
  8739 | Bailey   | Identified the +1 trident of the Silent Majority {vorpal,
                  | rC- Dex+2 Stlth+}
  8855 | Bailey   | Noticed an orc knight
  8855 | Bailey   | Noticed an orc knight
  8860 | Bailey   | Mangled by an orc knight

Illustrated notes

Levels and vault maps discovered:
D:1:      dpeg_arrival_connections, layout_loops_corners, minmay_tromino_v7
D:2:      layout_loops_cross, hellmonk_ecumenical_altar_pennies_from_heaven
D:3:      kennysheep_goblin_castle, layout_basic, uniq_robin, uniq_ijyb
D:4:      layout_cave_pools, xom_confusion_cloud, hex_large
D:5:      layout_layer_cave, mainiacjoe_overflow_alcove_4, jmf_multi_god_temple,
          nzn_wu_jian_contemplation
D:6:      layout_basic, kennysheep_mini, nicolae_ru_sacrificial_ziggurat,
          minmay_temple_entry_trees, minmay_misc_feat_ornament,
          nicolae_lava_and_water, minmay_fractal_squares_diagonal_5,
          uniq_blork_the_orc, uniq_eustachio
D:7:      layout_cave_pools, uniq_prince_ribbit1
D:8:      layout_loops_corners, uniq_gastronok
D:9:      layout_basic, enter_bailey_2, st_stairs_4
Bailey:   bailey_axe_of_yendor_kennysheep, bailey

Skill      XL: |  1  2  3  4  5  6  7  8  9 10 11 |
---------------+----------------------------------+-----
Dodging        | 3 4 5 6 7 8 10 11 12 | 12.3
Polearms       | 5 6 7 8 9 11 13 15 17 | 17.9
Fighting       | 6 7 |  7.0
Armour         | |  1.3

Action                   |  1- 3 |  4- 6 |  7- 9 | 10-12 || total
-------------------------+-------+-------+-------+-------++-------
Melee: Spear             |   128 |    13 |       |       ||   141
       Halberd           |       |   139 |   202 |   208 ||   549
       Tailslap          |       |     1 |       |       ||     1
Invok: Berserk           |     1 |     4 |     4 |     6 ||    15
  Use: Scroll            |       |    13 |       |     5 ||    18
 Stab: Sleeping          |     2 |       |       |       ||     2
Armor: Animal skin       |     2 |       |       |       ||     2
       Ring mail         |    17 |    39 |    32 |    13 ||   101
Dodge: Dodged            |    54 |    75 |   151 |   132 ||   412
